 Dungeon Crawl Stone Soup version 0.31-a0-167-g1c394c0614 (webtiles) character file.

Game seed: 16967172312746828919

1152 qw the Cleaver (level 8, -9/49 HPs)
             Began as a Gargoyle Fighter on June 14, 2023.
             Mangled by an ogre
             ... wielding a +0 giant club
              (16 damage)
             ... on level 5 of the Dungeon.
             The game lasted 00:02:16 (4544 turns).

qw the Cleaver (Gargoyle Fighter)                   Turns: 4544, Time: 00:02:16

Health: -9/49      AC: 17    Str: 22 (23) XL:     8   Next: 38%
Magic:  0/8        EV:  8    Int:  8      God:
Gold:   411        SH:  4    Dex:  8 (9)  Spells: 7/7 levels left

rFire   . . .        Y - +0 war axe
rCold   . . .        c - +0 buckler
rNeg    + . .        r - +0 chain mail
rPois   inf          n - +0 helmet
rElec   +            (no cloak)
rCorr   .            a - +0 pair of gloves
SInv    .            (no boots)
Will    .....        l - amulet of guardian spirit Stlth
                     (no ring)
HPRegen 0.28/turn    (no ring)
MPRegen 0.11/turn

%: guardian spirit
@: no status effects
A: sickness immunity, AC +5, negative energy resistance 1, electricity
resistance, torment resistance 1, petrification resistance
a: no special abilities


You were on level 5 of the Dungeon.
You visited 1 branch of the dungeon, and saw 5 of its levels.

You collected 411 gold pieces.


Innate Abilities, Weirdness & Mutations

You are immune to sickness and miasma.
Your stone body is resilient. (AC +5)
You are immune to poison.
You resist negative energy. (rN+)
You are resistant to electric shocks. (rElec)
You are resistant to unholy torment.
You are immune to petrification.


   Skills:
 - Level 5.3 Fighting
 - Level 8.1 Axes
 - Level 1.0 Throwing
 + Level 3.2 Armour
 - Level 1.0 Dodging
 - Level 3.2 Shields


You had 7 spell levels left.
You didn't know any spells.
Your spell library was empty.

Inventory:

Hand Weapons
 j - a +0 flail
 Y - a +0 war axe (weapon)
Armour
 a - a +0 pair of gloves (worn)
 c - a +0 buckler (worn)
 n - a +0 helmet (worn)
 r - a +0 chain mail (worn)
Jewellery
 b - a ring of fire
 e - a ring of fire
 l - an amulet of guardian spirit (around neck)
Scrolls
 f - a scroll of fear {unknown}
 s - 2 scrolls of identify
Potions
 d - a potion of might
 h - a potion of magic {unknown}
 i - a potion of attraction
 k - a potion of enlightenment {unknown}
 m - a potion of curing
 p - a potion of lignification {unknown}

Dungeon Overview and Level Annotations

Branches:
Dungeon (5/15)
 Temple: D:4-7

Altars:
Ashenzari
Qazlal
Ru
Vehumet
Zin

Shops:
D:2 (


Message History

The ice beast is severely wounded.
The ice beast hits you. The ice beast freezes you!
An ogre comes into view. It is wielding a +0 giant club.
You block the ice beast's attack.
You closely miss the ice beast.
The ice beast is severely wounded.
The ice beast closely misses you.
You barely miss the ice beast.
The ice beast is severely wounded.
The ice beast hits you but does no damage.
You hit the ice beast but do no damage.
The ice beast is severely wounded.
You block the ice beast's attack.
You closely miss the ice beast.
The ice beast is severely wounded.
The ice beast hits you. The ice beast freezes you.
You slash the ice beast!
You kill the ice beast!
You barely miss the ogre. The ogre barely misses you.
You feel your intelligence returning.
Your Axes skill increases to level 8!
You hit the ogre.
The ogre is lightly wounded.
The ogre hits you with a +0 giant club!
You hit the ogre.
The ogre is lightly wounded.
The ogre hits you with a +0 giant club.
You hit the ogre.
The ogre is moderately wounded.
You barely miss the ogre.
The ogre is moderately wounded.
The ogre hits you with a +0 giant club!!
You barely miss the ogre.
The ogre is moderately wounded.
The ogre barely misses you.
You hit the ogre.
The ogre is heavily wounded.
The ogre hits you with a +0 giant club!
You die...

........ ...... .......
...... ..o... #..### .....
#.. # #... #. # ##.# #
##..# # ##)..# #...#
#@O..# ##...## #....#
8...8 #####...## ##...##
##..###...# ##.....#
##....###..# ###.......
##......##..# #8........
#.............###.........
##.#######.#..##.....###..
#...........##.....## ##.


You could see an ogre.

Vanquished Creatures
  Sigmund (D:4)
  An ice beast (D:5)
  An ogre (D:4)
  A centaur (D:5)
  A kobold brigand (D:5)
  A bullfrog (D:5)
  A scorpion (D:4)
  A jelly (D:5)
  3 hounds
  4 iguanas
  Natasha (D:2)
  Robin (D:2)
  3 gnolls (D:5)
  8 adders
  2 shadow imps (D:5)
  3 worms
  5 dart slugs
  6 orcs
  7 endoplasms
  2 giant cockroaches
  17 goblins
  13 hobgoblins
  5 jackals
  24 kobolds
  3 quokkas
  10 ball pythons
  8 bats
  6 frilled lizards
  8 rats
147 creatures vanquished.

Notes
Turn   | Place    | Note
-------+----------+-------------------------------------------
     0 | D:1      | qw the Gargoyle Fighter began the quest for the Orb.
     0 | D:1      | Reached XP level 1. HP: 14/14 MP: 1/1
     0 | D:1      | 0 ||| qw: Version: 0.2-a-29-g1fa15c8
     0 | D:1      | 0 ||| qw: Game counter: 4936
     0 | D:1      | 0 ||| qw: Always use a shield: true
     0 | D:1      | 0 ||| qw: God list: Okawaru
     0 | D:1      | 0 ||| qw: Allow faded altars: false
     0 | D:1      | 0 ||| qw: Do Orc after D:15 true
     0 | D:1      | 0 ||| qw: Do second Lair branch before Depths: true
     0 | D:1      | 0 ||| qw: Lair rune preference: random
     0 | D:1      | 0 ||| qw: Plans: Normal, Zot:1-4, Slime:5, God:TSO, Crypt,
                  | Tomb, Abyss, Pan, Hells, Win
     0 | D:1      | 0 ||| PLANNING D:1-11
    11 | D:1      | 11 ||| Stepping ~*~*~tactically~*~*~ (stealth).
    24 | D:1      | Reached skill level 2 in Axes
    77 | D:1      | Reached XP level 2. HP: 19/19 MP: 2/2
   173 | D:1      | 173 ||| FLEEEEING.
   229 | D:1      | 229 ||| Stepping ~*~*~tactically~*~*~ (stealth).
   354 | D:1      | Reached skill level 3 in Axes
   375 | D:1      | Reached XP level 3. HP: 22/23 MP: 3/3
   565 | D:1      | Reached skill level 1 in Throwing
   573 | D:1      | 573 ||| Stepping ~*~*~tactically~*~*~ (stealth).
   703 | D:1      | 703 ||| UPGRADING to amulet of guardian spirit.
   708 | D:1      | 708 ||| READING scroll labelled XITZUCLICW.
   709 | D:1      | 709 ||| READING scroll labelled LULLULOR ZOYTO.
   710 | D:1      | 710 ||| READING scroll labelled DUW YSIATIFYSI.
   735 | D:2      | Found Qiprebla's Antique Weapon Emporium.
   751 | D:2      | 751 ||| SHOPLISTING broad axe (84 gold, have 61).
   895 | D:2      | 895 ||| Stepping ~*~*~tactically~*~*~ (stealth).
   896 | D:2      | 896 ||| Stepping ~*~*~tactically~*~*~ (stealth).
   903 | D:2      | 903 ||| Stepping ~*~*~tactically~*~*~ (stealth).
   904 | D:2      | 904 ||| Stepping ~*~*~tactically~*~*~ (stealth).
   906 | D:2      | 906 ||| Stepping ~*~*~tactically~*~*~ (stealth).
   916 | D:2      | Reached XP level 4. HP: 26/28 MP: 2/4
  1170 | D:2      | 1170 ||| Stepping ~*~*~tactically~*~*~ (stealth).
  1192 | D:2      | Reached skill level 4 in Axes
  1255 | D:2      | Noticed Robin
  1256 | D:2      | 1256 ||| Stepping ~*~*~tactically~*~*~ (hiding).
  1257 | D:2      | 1257 ||| Stepping ~*~*~tactically~*~*~ (hiding).
  1273 | D:2      | Killed Robin
  1282 | D:2      | 1282 ||| FLEEEEING.
  1287 | D:2      | 1287 ||| STAIRDANCE
  1309 | D:1      | 1309 ||| UPGRADING to +0 pair of gloves.
  1314 | D:1      | 1314 ||| UPGRADING to +0 helmet.
  1340 | D:2      | 1340 ||| DROPPING +0 club.
  1471 | D:2      | Found a radiant altar of Vehumet.
  1513 | D:2      | 1513 ||| Stepping ~*~*~tactically~*~*~ (water).
  1521 | D:2      | Reached XP level 5. HP: 32/32 MP: 5/5
  1526 | D:2      | 1526 ||| Stepping ~*~*~tactically~*~*~ (stealth).
  1566 | D:2      | Noticed Natasha
  1571 | D:2      | Killed Natasha
  1660 | D:2      | 1660 ||| READING scroll labelled EFAOZIZ ROET.
  1679 | D:2      | 1679 ||| READING scroll labelled BUANIN SOWI.
  1898 | D:3      | 1898 ||| Stepping ~*~*~tactically~*~*~ (stealth).
  1908 | D:3      | 1908 ||| Stepping ~*~*~tactically~*~*~ (stealth).
  1974 | D:3      | 1974 ||| DROPPING +0 whip.
  2138 | D:3      | 2138 ||| Stepping ~*~*~tactically~*~*~ (hiding).
  2150 | D:3      | Reached skill level 5 in Axes
  2329 | D:3      | 2329 ||| Stepping ~*~*~tactically~*~*~ (stealth).
  2392 | D:3      | 2392 ||| Stepping ~*~*~tactically~*~*~ (stealth).
  2558 | D:3      | 2558 ||| DROPPING +3 mace.
  2702 | D:3      | 2702 ||| READING 2 scrolls labelled QOESOSH CIMMU.
  2803 | D:3      | 2803 ||| DROPPING scroll of silence.
  2925 | D:4      | Found a sacrificial altar of Ru.
  2931 | D:4      | 2931 ||| Stepping ~*~*~tactically~*~*~ (water).
  3042 | D:4      | Found a stormy altar of Qazlal.
  3048 | D:4      | 3048 ||| Stepping ~*~*~tactically~*~*~ (hiding).
  3178 | D:4      | Found a broken altar of Ashenzari.
  3208 | D:4      | Reached XP level 6. HP: 35/38 MP: 4/6
  3231 | D:4      | Found a glowing silver altar of Zin.
  3400 | D:4      | Reached skill level 1 in Dodging
  3468 | D:4      | Noticed Sigmund
  3476 | D:4      | Killed Sigmund
  3477 | D:4      | Reached skill level 6 in Axes
  3477 | D:4      | Reached XP level 7. HP: 43/43 MP: 5/7
  3773 | D:4      | 3773 ||| UPGRADING to +0 chain mail.
  3783 | D:4      | 3783 ||| DROPPING +0 scale mail.
  3784 | D:4      | 3784 ||| READING scroll labelled ZUTTUM DALOYG.
  3785 | D:4      | 3785 ||| DRINKING 2 green potions.
  3786 | D:4      | 3786 ||| DRINKING 2 orange potions.
  3787 | D:4      | 3787 ||| DRINKING 2 pink potions.
  3788 | D:4      | 3788 ||| DRINKING 2 fuming silvery potions.
  3789 | D:4      | 3789 ||| DROPPING potion of invisibility.
  3790 | D:4      | 3790 ||| DROPPING potion of degeneration.
  3837 | D:5      | Entered Level 5 of the Dungeon
  3867 | D:5      | 3867 ||| FLEEEEING.
  3868 | D:5      | 3868 ||| FLEEEEING.
  3869 | D:5      | 3869 ||| FLEEEEING.
  3871 | D:5      | 3871 ||| FLEEEEING.
  3873 | D:5      | 3873 ||| FLEEEEING.
  3875 | D:5      | 3875 ||| STAIRDANCE
  3918 | D:5      | Reached skill level 7 in Axes
  4028 | D:5      | 4028 ||| Stepping ~*~*~tactically~*~*~ (hiding).
  4029 | D:5      | 4029 ||| Stepping ~*~*~tactically~*~*~ (hiding).
  4031 | D:5      | 4031 ||| Stepping ~*~*~tactically~*~*~ (hiding).
  4032 | D:5      | 4032 ||| Stepping ~*~*~tactically~*~*~ (hiding).
  4119 | D:5      | Reached XP level 8. HP: 34/49 MP: 5/8
  4520 | D:5      | 4520 ||| Stepping ~*~*~tactically~*~*~ (stealth).
  4524 | D:5      | 4524 ||| Stepping ~*~*~tactically~*~*~ (stealth).
  4525 | D:5      | 4525 ||| Stepping ~*~*~tactically~*~*~ (stealth).
  4539 | D:5      | Reached skill level 8 in Axes
  4542 | D:5      | HP: 6/49 [ogre/+0 giant club (18)]
  4544 | D:5      | Mangled by an ogre

Levels and vault maps discovered:
D:1:      eino_arrival_tree_alley, layout_basic
D:2:      layout_loops_cross, basic_altar, serial_shops, nicolae_square_shop,
          amcnicky_mini_rare_corridor_liquid,
          nicolae_concentric_dashed_squares_wild, serial_bayou_pond_d,
          uniq_robin, uniq_natasha
D:3:      minmay_spotlight, layout_basic, nicolae_kite_square_tiling_tiny,
          grunt_decor_resistance, dk_noncrumbling_2, grunt_ministairs_13,
          minmay_cupped
D:4:      layout_loops_ring, lemuel_crystal_altar, hangedman_ru_absence,
          cheibrodos_ashenzari_chains, lemuel_crystal_altar, uniq_sigmund
D:5:      kennysheep_kobold_camp, layout_rooms, serial_corexii_hall,
          chequers_hall_statues_corner_a, chequers_hall_statues_wall_a,
          chequers_hall_statues_y, minivault_19, nicolae_take_the_stairs

Skill      XL: |  1  2  3  4  5  6  7  8 |
---------------+-------------------------+-----
Axes           | 2 3 4 5 6 7 8 |  8.1
Throwing       | 1 |  1.0
Fighting       | 4 5 |  5.3
Dodging        | 1 |  1.0
Armour         | |  3.2
Shields        | |  3.2

Action                     |  1- 3 |  4- 6 |  7- 9 || total
---------------------------+-------+-------+-------++-------
  Melee: War axe           |    73 |   162 |   111 ||   346
  Throw: Javelin           |    29 |    43 |     2 ||    74
         Boomerang         |     6 |    11 |       ||    17
    Use: Scroll            |     3 |     3 |     1 ||     7
         Potion            |       |       |     4 ||     4
 Armour: Scale mail        |    46 |   100 |     1 ||   147
         Chain mail        |       |       |    74 ||    74
  Dodge: Dodged            |    38 |    82 |    58 ||   178
  Block: Buckler           |    20 |    28 |    30 ||    78

Table legend:
 A = Non-vault XP
 B = Vault XP
 C = Vault XP percentage of total XP
 D = Non-vault monster count
 E = Vault monster count
 F = Vault count percentage of total count
                 A         B        C        D         E       F
            +---------+---------+-------+---------+---------+-------
      Total |    1184 |     463 |  28.1 |     100 |      47 |  32.0
            +---------+---------+-------+---------+---------+-------
        D:1 |      52 |       0 |   0.0 |      29 |       0 |   0.0
        D:2 |      84 |      71 |  45.8 |      26 |      13 |  33.3
        D:3 |      51 |      34 |  40.0 |      15 |      12 |  44.4
        D:4 |     359 |     223 |  38.3 |      11 |       1 |   8.3
        D:5 |     638 |     135 |  17.5 |      19 |      21 |  52.5
            +---------+---------+-------+---------+---------+-------
